 Dungeon Crawl Stone Soup version 0.28-a0-706-gf6f64a616a (webtiles) character file.

Game seed: 4925476138897977147

18 frimble the Firebug (level 2, -5/19 HPs)
             Began as a Demonspawn Fire Elementalist on Oct 24, 2021.
             Slain by a gnoll (7 damage)
             ... on level 4 of the Dungeon.
             The game lasted 00:01:13 (1402 turns).

frimble the Firebug (Demonspawn Fire Elementalist)  Turns: 1402, Time: 00:01:14

Health: -5/19      AC:  2    Str:  8    XL:     2   Next: 48%
Magic:  5/5        EV: 12    Int: 16    God:
Gold:   50         SH:  0    Dex: 15    Spells: 4/5 levels left

rFire   . . .      SeeInvis .   b - +0 dagger
rCold   . . .      Faith    .   (no shield)
rNeg    . . .      Spirit   .   a - +0 robe
rPois   .          Reflect  .   (no helmet)
rElec   .          Harm     .   (no cloak)
rCorr   .          Rampage  .   (no gloves)
Will    .....                   (no boots)
Stlth   +++.......              (no amulet)
HPRegen 0.06/turn               (no ring)
MPRegen 0.09/turn               (no ring)

@: no status effects
A: thin skeletal structure 1
a: no special abilities


You were on level 4 of the Dungeon.
You visited 1 branch of the dungeon, and saw 3 of its levels.

You collected 50 gold pieces.

Inventory:

Hand Weapons
 b - a +0 dagger (weapon)
Armour
 a - a +0 robe (worn)
 c - a +0 kite shield
Potions
 d - a potion of flight {unknown}


   Skills:
 - Level 2.0 Dodging
 + Level 2.1 Stealth
 + Level 2.2 Spellcasting
 + Level 1.3 Conjurations
 + Level 2.9 Fire Magic


You had 4 spell levels left.
You knew the following spells:

 Your Spells              Type           Power      Damage    Failure   Level
a - Foxfire               Conj/Fire      32%        2x1d5     9%          1

Your spell library contained the following spells:

 Spells                   Type           Power      Damage    Failure   Level
 Scorch                   Fire           22%        2d6       10%         2
 Conjure Flame            Conj/Fire      8%         6-21      26%         3
 Inner Flame              Hex/Fire       6%         N/A       32%         3
 Flame Wave               Conj/Fire      8%         3d4       63%         4


Dungeon Overview and Level Annotations

Branches:
Dungeon (2/15)

Altars:


Innate Abilities, Weirdness & Mutations

You have a somewhat thin skeletal structure. (Dex +2, Stealth+)


Message History

No target in view!
You see here 23 arrows.
Found a hand axe.
A bat comes into view.
The bat closely misses you.
A bat is nearby!
A goblin comes into view. It is wielding a +0 club.
The bat hits you.
You hit the bat but do no damage. The bat hits you. The bat barely misses you.
You hit the bat.
The bat is severely wounded.
The bat hits you but does no damage.
You closely miss the goblin. The goblin closely misses you. The bat hits you.
You closely miss the bat.
The bat is severely wounded.
The bat misses you. The bat barely misses you. The goblin closely misses you.
You hit the goblin.
The goblin is heavily wounded.
The bat misses you. The goblin barely misses you. The bat closely misses you.
You hit the goblin.
You kill the goblin!
The bat barely misses you.
Found 8 gold pieces.
You fall into a shaft and drop 2 floors!
The shaft crumbles and collapses.
An endoplasm and 3 gnolls come into view.
A gnoll is wielding a +0 flail of protection.
The endoplasm quivers.
Found 8 gold pieces.
The helpless gnoll fails to defend itself.
You hit the gnoll.
The gnoll is heavily wounded.
The gnoll shouts! x2
The endoplasm misses you. The gnoll hits you with a +0 spear.
The gnoll hits you from afar with a +4 spear!
* * * LOW HITPOINT WARNING * * *
The gnoll hits you with a +0 flail of protection.
* * * LOW HITPOINT WARNING * * *
The gnoll hits you from afar with a +0 spear!
You die...

#. #. #. #.
#. #. #.##g
#..g######.#
#gJ@.....#
#.#####..#
#. ##


You could see 2 gnolls and an endoplasm.

Vanquished Creatures
  2 bats
  2 hobgoblins (D:1)
  6 ball pythons (D:1)
  2 frilled lizards (D:1)
  2 goblins
  2 kobolds (D:1)
  4 rats (D:1)
20 creatures vanquished.

Vanquished Creatures (others)
  A bat (D:1)
  54 foxfires (D:1)
55 creatures vanquished.

Grand Total: 75 creatures vanquished

Notes
Turn   | Place    | Note
-------+----------+-------------------------------------------
     0 | D:1      | frimble the Demonspawn Fire Elementalist began the quest
                  | for the Orb.
     0 | D:1      | Reached XP level 1. HP: 13/13 MP: 3/3
   492 | D:1      | Gained mutation: You have a somewhat thin skeletal
                  | structure. (Dex +2, Stealth+) [demonic ancestry]
   492 | D:1      | Reached XP level 2. HP: 19/19 MP: 5/5
  1400 | D:2      | You fall into a shaft and drop 2 floors!
  1402 | D:4      | Slain by a gnoll

Illustrated notes

Levels and vault maps discovered:
D:1:      dpeg_arrival_lava_temple_mockup, layout_basic, lemuel_flame_loot_1
D:2:      layout_loops_ring, hellmonk_ecumenical_altar_zigzags,
          minmay_pentomino_w2
D:4:      layout_loops_ring, dk_noncrumbling_2

Skill      XL: |  1  2 |
---------------+-------+-----
Stealth        | 2 |  2.1
Dodging        | 2 |  2.0
Spellcasting   | |  2.2
Conjurations   | |  1.3
Fire Magic     | |  2.9

Action                   || total
-------------------------++-------
Melee: Unarmed           ||    18
       Dagger            ||    16
 Cast: Foxfire           ||    32
 Stab: Sleeping          ||     2
Armor: Robe              ||     9
Dodge: Dodged            ||    48

Table legend: (Time is in decaauts)
 A = Elapsed time spent in this place.
 B = Non-inter-level travel time spent in this place.
 C = Inter-level travel time spent in this place.
 D = Time resting spent in this place.
 E = Time spent auto-exploring this place.
 F = Levels seen in this place.
 G = Mean time per level.
                   A        B        C        D        E       F      G
               +--------+--------+--------+--------+--------+-----+--------+
         Total |   1401 |   1340 |     61 |      0 |   1174 |   3 |  467.0 |
       Dungeon |   1401 |   1340 |     61 |      0 |   1174 |   3 |  467.0 |
               +--------+--------+--------+--------+--------+-----+--------+

Top non-repeatable levels by time:
     D:1: 1332 daAuts
     D:2: 66 daAuts
     D:4: 1 daAuts
